 Dungeon Crawl Stone Soup version 0.28.0 (webtiles) character file.

Game seed: 179488733095786319

480 GrayStillPlays the Shield-Bearer (level 7, 0/59 HPs)
             Began as a Gnoll Fighter on Feb 11, 2022.
             Slain by a killer bee (6 damage)
             ... on level 4 of the Dungeon.
             The game lasted 00:05:54 (3266 turns).

GrayStillPlays the Shield-Bearer (Gnoll Fighter)    Turns: 3266, Time: 00:05:55

Health: 0/59       AC:  7    Str: 15    XL:     7   Next: 12%
Magic:  9/9        EV:  9    Int: 10    God:
Gold:   76         SH:  0    Dex: 11    Spells: 10/10 levels left

rFire   . . .      SeeInvis .   d - +1 rapier (venom) {short}
rCold   . . .      Faith    .   c - +0 buckler
rNeg    . . .      Spirit   .   b - +0 scale mail
rPois   .          Reflect  .   (helmet restricted)
rElec   .          Harm     .   k - scarf {shadows}
rCorr   .          Rampage  .   (no gloves)
Will    .....                   (no boots)
Stlth   ..........              (no amulet)
HPRegen 0.19/turn               (no ring)
MPRegen 0.11/turn               (no ring)

@: confused, brilliant, lethally poisoned (0 -> -5), ambrosia-drunk, attractive
A: fangs 1, strong nose, distributed training, hooves 1, horns 1, low MP 1
a: no special abilities


You were on level 4 of the Dungeon.
You visited 1 branch of the dungeon, and saw 6 of its levels.

You collected 76 gold pieces.


Innate Abilities, Weirdness & Mutations

You have very sharp teeth.
Your uncanny sense of smell can sniff out nearby items.
Your experience applies equally to all skills.
You have large cloven feet.
You have a pair of small horns on your head.
Your magical capacity is low. (-10% MP)


   Skills:
 + Level 6.9 Fighting
 + Level 2.2 Short Blades
 + Level 2.2 Long Blades
 + Level 5.1 Axes
 + Level 2.2 Maces & Flails
 + Level 2.2 Polearms
 + Level 2.2 Staves
 + Level 2.2 Slings
 + Level 2.2 Bows
 + Level 2.2 Crossbows
 + Level 2.2 Throwing
 + Level 6.9 Armour
 + Level 2.2 Dodging
 + Level 2.2 Stealth
 + Level 6.9 Shields
 + Level 2.2 Unarmed Combat
 + Level 2.2 Spellcasting
 + Level 1.8 Conjurations
 + Level 1.8 Hexes
 + Level 1.8 Summonings
 + Level 1.8 Necromancy
 + Level 1.8 Translocations
 + Level 1.8 Transmutations
 + Level 1.8 Fire Magic
 + Level 1.8 Ice Magic
 + Level 1.8 Air Magic
 + Level 1.8 Earth Magic
 + Level 1.8 Poison Magic
 + Level 2.5 Invocations
 + Level 2.2 Evocations


You had 10 spell levels left.
You didn't know any spells.
Your spell library contained the following spells:

 Spells                   Type           Power      Damage    Failure   Level
 Animate Skeleton         Necr           14%        N/A       52%         1
 Pain                     Necr           28%        1d5       52%         1
 Slow                     Hex            28%        N/A       52%         1
 Summon Small Mammal      Summ           28%        N/A       52%         1
 Call Canine Familiar     Summ           7%         N/A       87%         3
 Confusing Touch          Hex            7%         N/A       87%         3
 Summon Guardian Golem    Hex/Summ       7%         N/A       87%         3
 Vampiric Draining        Necr           7%         2d6       87%         3

Inventory:

Hand Weapons
 a - a +0 war axe {axe}
 d - a +1 rapier of venom (weapon) {short}
   (You took it off Eustachio on level 5 of the Dungeon)
 y - a +0 dagger of pain {short}
   (You took it off a kobold on level 3 of the Dungeon)
Missiles
 e - 5 stones {throwing}
 l - 3 boomerangs {throwing}
 r - 6 poisoned darts {throwing}
 s - 4 curare-tipped darts (quivered) {=fthrowing}
 v - 25 sling bullets
 w - 21 arrows
Armour
 b - a +0 scale mail (worn)
 c - a +0 buckler (worn)
 k - a scarf of shadows (worn)
   (You found it on level 1 of the Dungeon)
 n - a +0 tower shield
   (You found it on level 2 of the Dungeon)
 z - a +0 leather armour
   (You took it off Eustachio on level 5 of the Dungeon)
Jewellery
 x - a ring of fire
   (You found it on level 3 of the Dungeon)
Scrolls
 f - a scroll of fog {unknown}
 g - a scroll of enchant weapon {unknown}
 h - a scroll of amnesia {unknown}
 j - a scroll of magic mapping {unknown}
 m - 4 scrolls of identify {unknown}
 o - a scroll of blinking {unknown}
 q - a scroll of teleportation {unknown}
 u - 2 scrolls of vulnerability {unknown}
 A - a scroll of brand weapon {unknown}

Dungeon Overview and Level Annotations

Branches:
Dungeon (6/15)
 Temple: D:4-7

Altars:
Okawaru
Xom
Beogh

Annotations:
D:4 3 runed translucent doors, browni3141's ghost, amateur MiBe

#....≈.#._.#.≈.#......##....#
#....≈.#...#.≈.#...(..#....#
#....≈.#.###.≈.#......#....#
#....≈.w.....≈.#......+...##
#....≈≈≈≈≈≈≈≈≈........+...#∆
#.....................+...#∆
#.####...^.##.#.......#...##
...#####.#####.##......#....#
###........yyy@.##......##....#
#.##############.......###...
+..>......###. #...........##
########...... ###.... #####


You could see 3 killer bees.


Message History

The killer bee closely misses you.
The killer bee stings you but does no damage.
You block the killer bee's attack.
You hit the killer bee but do no damage.
The killer bee is poisoned.
Your bite misses the killer bee. You block the killer bee's attack.
The killer bee stings you. 😮 HP[-4]
You take 4 damage, and now have 27/53 hp.
You puncture the killer bee!
The killer bee looks even sicker.
You kill the killer bee!
The killer bee stings you but does no damage.
The killer bee stings you.
* * * LOW HITPOINT WARNING * * *
😨 HP[-2]
You take 2 damage, and now have 25/53 hp.
You hit the killer bee.
The killer bee is poisoned.
Your bite misses the killer bee. The killer bee stings you.
* * * LOW HITPOINT WARNING * * *
The killer bee stings you but does no damage. 😨 HP[-2]
You take 2 damage, and now have 23/53 hp.
You hit the killer bee. You block the killer bee's attack.
The killer bee stings you but does no damage.
You barely miss the killer bee. Your bite misses the killer bee.
You kill the killer bee!
The killer bee barely misses you.
You have reached level 7! 😨 HP[+3] MP[+1]
You now have 59 max hp (+6).
You regained 3 hp, and now have 26/59 hp.
Your mp is fully restored (10).
You barely miss the killer bee. Your bite misses the killer bee.
You block the killer bee's attack. x3
You barely miss the killer bee. The killer bee stings you.
* * * LOW HITPOINT WARNING * * *
You are poisoned.
The killer bee poisons you!
The killer bee stings you but does no damage. 😨 HP[-4]
You take 4 damage, and now have 22/59 hp.
You hit the killer bee.
The killer bee is poisoned.
You bite the killer bee.
You feel very sick. The killer bee barely misses you.
The killer bee closely misses you. 😨 HP[-3]
You take 3 damage, and now have 19/59 hp.
You closely miss the killer bee.
You feel sick. The killer bee closely misses you.
You block the killer bee's attack. 😨 HP[-1]
You take 1 damage, and now have 18/59 hp.
You miss the killer bee.
You feel sick. The killer bee stings you.
* * * LOW HITPOINT WARNING * * *
The killer bee stings you but does no damage.
The killer bee barely misses you. 😨 HP[-3]
You take 3 damage, and now have 15/59 hp.
You hit the killer bee but do no damage.
The killer bee looks as sick as possible!
You feel sick.
You kill the killer bee!
You block the killer bee's attack. The killer bee stings you.
* * * LOW HITPOINT WARNING * * *
You are more poisoned.
The killer bee poisons you! 😱 HP[-4]
You take 4 damage, and now have 11/59 hp.
It was a potion of brilliance.
You feel clever all of a sudden.
You feel sick. You block the killer bee's attack.
The killer bee barely misses you. 😱 HP[-2]
You take 2 damage, and now have 9/59 hp.
It was a potion of attraction.
You feel attractive to monsters.
You feel sick. You block the killer bee's attack. x2
It was a potion of mutation.
You feel extremely strange. A pair of horns grows on your head!
You feel less energetic.
Your feet thicken and deform.
You feel sick. The killer bee completely misses you. The killer bee stings you.
* * * LOW HITPOINT WARNING * * *
😱 HP[-2] MP[-1]
You take 2 damage, and now have 7/59 hp.
It was a potion of ambrosia.
You are confused.
You feel invigorated.
You feel sick. The killer bee stings you.
* * * LOW HITPOINT WARNING * * *
You are lethally poisoned!
The killer bee poisons you!
The killer bee stings you but does no damage. 😱 HP[-1]
You take 1 damage, and now have 6/59 hp.
* * * LOW HITPOINT WARNING * * *
You feel very sick.
The killer bee barely misses you. 😱 HP[+1]
You barely miss the killer bee. Your bite misses the killer bee.
You feel sick. The killer bee stings you.
* * * LOW HITPOINT WARNING * * *
You hear a distant slurping noise.
The killer bee stings you.
You die...

Skill      XL: |  1  2  3  4  5  6 |
---------------+-------------------+-----
Invocations    | 1 2 |  2.5
Short Blades   | 1 2 |  2.2
Long Blades    | 1 2 |  2.2
Maces & Flails | 1 2 |  2.2
Polearms       | 1 2 |  2.2
Staves         | 1 2 |  2.2
Slings         | 1 2 |  2.2
Bows           | 1 2 |  2.2
Crossbows      | 1 2 |  2.2
Throwing       | 1 2 |  2.2
Dodging        | 1 2 |  2.2
Stealth        | 1 2 |  2.2
Unarmed Combat | 1 2 |  2.2
Spellcasting   | 1 2 |  2.2
Evocations     | 1 2 |  2.2
Conjurations   | 1 |  1.8
Hexes          | 1 |  1.8
Summonings     | 1 |  1.8
Necromancy     | 1 |  1.8
Translocations | 1 |  1.8
Transmutations | 1 |  1.8
Fire Magic     | 1 |  1.8
Ice Magic      | 1 |  1.8
Air Magic      | 1 |  1.8
Earth Magic    | 1 |  1.8
Poison Magic   | 1 |  1.8
Axes           | 5 |  5.1
Fighting       | |  6.9
Armour         | |  6.9
Shields        | |  6.9

Action                   |  1- 3 |  4- 6 |  7- 9 || total
-------------------------+-------+-------+-------++-------
Melee: War axe           |    79 |    93 |       ||   172
       Bite              |     6 |    10 |     1 ||    17
       Rapier            |       |    12 |     7 ||    19
Throw: Dart              |       |     4 |       ||     4
  Use: Potion            |       |     1 |     4 ||     5
Armor: Scale mail        |    25 |    51 |     3 ||    79
Dodge: Dodged            |    36 |    45 |     7 ||    88
Block: Buckler           |    24 |    35 |     8 ||    67

Levels and vault maps discovered:
D:1:      shiori_shiawase, layout_loops_corners,
          hellmonk_ecumenical_altar_defaced_shrine, grunt_decor_arrowhead
D:2:      layout_loops_corners, basic_altar
D:3:      layout_loops_cross, nrook_mini_vaults
D:4:      layout_basic, nicolae_ashenzari_skybound,
          mainiacjoe_overflow_brackets, gammafunk_ghost_icy, serial_shops,
          nicolae_square_shop, uniq_crazy_yiuf_cottage, uniq_blork_the_orc,
          uniq_natasha
D:5:      layout_basic, uniq_duvessa, uniq_menkaure, uniq_eustachio, uniq_pikel
D:6:      layout_rooms, temple_green, gammafunk_ghost_split

Notes
Turn   | Place    | Note
-------+----------+-------------------------------------------
     0 | D:1      | GrayStillPlays the Gnoll Fighter began the quest for the
                  | Orb.
     0 | D:1      | Reached XP level 1. HP: 23/23 MP: 1/1
     0 | D:1      | magus.rc [v1.9.6]
    15 | D:1      | You pick up a book of Callings and begin reading...
    15 | D:1      | You add the spells Summon Small Mammal, Call Canine
                  | Familiar and Summon Guardian Golem to your library.
   104 | D:1      | You pick up a book of Debilitation and begin reading...
   104 | D:1      | You add the spells Slow, Vampiric Draining and Confusing
                  | Touch to your library.
   115 | D:1      | Reached XP level 2. HP: 29/29 MP: 2/2
   424 | D:1      | You pick up a book of Necromancy and begin reading...
   424 | D:1      | You add the spells Pain and Animate Skeleton to your
                  | library.
   763 | D:1      | Reached XP level 3. HP: 35/35 MP: 3/3
  1082 | D:1      | Found a faded altar of an unknown god.
  1216 | D:2      | Reached skill level 1 in Invocations
  1405 | D:2      | HP: 5/35 [iguana (7)]
  1417 | D:2      | Reached skill level 1 in Short Blades
  1417 | D:2      | Reached skill level 1 in Long Blades
  1417 | D:2      | Reached skill level 1 in Maces & Flails
  1417 | D:2      | Reached skill level 1 in Polearms
  1417 | D:2      | Reached skill level 1 in Staves
  1417 | D:2      | Reached skill level 1 in Slings
  1417 | D:2      | Reached skill level 1 in Bows
  1417 | D:2      | Reached skill level 1 in Crossbows
  1417 | D:2      | Reached skill level 1 in Throwing
  1417 | D:2      | Reached skill level 1 in Dodging
  1417 | D:2      | Reached skill level 1 in Stealth
  1417 | D:2      | Reached skill level 1 in Unarmed Combat
  1417 | D:2      | Reached skill level 1 in Spellcasting
  1417 | D:2      | Reached skill level 1 in Evocations
  1417 | D:2      | Reached XP level 4. HP: 8/41 MP: 5/5
  1780 | D:2      | Found a shimmering altar of Xom.
  2195 | D:2      | Reached skill level 1 in Conjurations
  2195 | D:2      | Reached skill level 1 in Hexes
  2195 | D:2      | Reached skill level 1 in Summonings
  2195 | D:2      | Reached skill level 1 in Necromancy
  2195 | D:2      | Reached skill level 1 in Translocations
  2195 | D:2      | Reached skill level 1 in Transmutations
  2195 | D:2      | Reached skill level 1 in Fire Magic
  2195 | D:2      | Reached skill level 1 in Ice Magic
  2195 | D:2      | Reached skill level 1 in Air Magic
  2195 | D:2      | Reached skill level 1 in Earth Magic
  2195 | D:2      | Reached skill level 1 in Poison Magic
  2636 | D:3      | Reached XP level 5. HP: 47/47 MP: 5/7
  2840 | D:3      | You fall into a shaft and drop 3 floors!
  2849 | D:5      | Entered Level 5 of the Dungeon
  2862 | D:5      | Noticed Eustachio
  2882 | D:5      | Killed Eustachio
  2883 | D:5      | Reached skill level 2 in Invocations
  2883 | D:5      | Reached XP level 6. HP: 34/53 MP: 8/8
  2885 | D:5      | Reached skill level 2 in Short Blades
  2885 | D:5      | Reached skill level 2 in Long Blades
  2885 | D:5      | Reached skill level 5 in Axes
  2885 | D:5      | Reached skill level 2 in Maces & Flails
  2885 | D:5      | Reached skill level 2 in Polearms
  2885 | D:5      | Reached skill level 2 in Staves
  2885 | D:5      | Reached skill level 2 in Slings
  2885 | D:5      | Reached skill level 2 in Bows
  2885 | D:5      | Reached skill level 2 in Crossbows
  2885 | D:5      | Reached skill level 2 in Throwing
  2885 | D:5      | Reached skill level 2 in Dodging
  2885 | D:5      | Reached skill level 2 in Stealth
  2885 | D:5      | Reached skill level 2 in Unarmed Combat
  2885 | D:5      | Reached skill level 2 in Spellcasting
  2885 | D:5      | Reached skill level 2 in Evocations
  3160 | D:4      | Found a runed translucent gate.
  3160 | D:4      | Found a runed translucent gate.
  3161 | D:4      | Found a runed translucent gate.
  3189 | D:4      | Noticed browni3141's ghost (amateur MiBe)
  3225 | D:4      | Found an iron altar of Okawaru.
  3255 | D:4      | Reached XP level 7. HP: 26/59 MP: 10/10
  3260 | D:4      | HP: 13/59 [poisoned by a killer bee]
  3263 | D:4      | Gained mutation: You have a pair of small horns on your
                  | head. [potion of mutation]
  3263 | D:4      | Gained mutation: Your magical capacity is low. (-10% MP)
                  | [potion of mutation]
  3263 | D:4      | Gained mutation: You have large cloven feet. [potion of
                  | mutation]
  3264 | D:4      | HP: 6/59 [killer bee (4)]
  3266 | D:4      | Slain by a killer bee

Vanquished Creatures
  Eustachio (D:5)
  3 killer bees (D:4)
  A hound (D:5)
  3 iguanas
  3 adders (D:2)
  2 worms (D:2)
  2 dart slugs (D:1)
  6 endoplasms
  A giant cockroach (D:1)
  7 goblins
  3 hobgoblins
  6 jackals
  6 kobolds
  4 quokkas
  5 ball pythons
  6 bats
  3 frilled lizards
  3 rats
65 creatures vanquished.

Table legend:
 A = Non-vault XP
 B = Vault XP
 C = Vault XP percentage of total XP
 D = Non-vault monster count
 E = Vault monster count
 F = Vault count percentage of total count
                 A         B        C        D         E       F
            +---------+---------+-------+---------+---------+-------
      Total |     475 |     212 |  30.9 |      60 |       5 |   7.7
            +---------+---------+-------+---------+---------+-------
        D:1 |      39 |      10 |  20.4 |      22 |       4 |  15.4
        D:2 |     112 |       0 |   0.0 |      22 |       0 |   0.0
        D:3 |      51 |       0 |   0.0 |      11 |       0 |   0.0
        D:4 |     191 |       0 |   0.0 |       3 |       0 |   0.0
        D:5 |      82 |     202 |  71.1 |       2 |       1 |  33.3
            +---------+---------+-------+---------+---------+-------

Illustrated notes

Table legend:
 A = Kills in this place as a percentage of kills in entire the game.
 B = Kills by you in this place as a percentage of kills by you in the entire game.
 C = Kills by friends in this place as a percentage of kills by friends in the entire game.
 D = Other kills in this place as a percentage of other kills in the entire game.
 E = Experience gained in this place as a percentage of experience gained in the entire game.
 F = Experience gained in this place divided by the number of levels of this place that you have seen.
                   A       B       C       D       E      F
               +-------+-------+-------+-------+-------+----------------------
         Total | 100.0 | 100.0 |   N/A |   N/A | 100.0 | 114.5
       Dungeon | 100.0 | 100.0 |   N/A |   N/A | 100.0 | 114.5
               +-------+-------+-------+-------+-------+----------------------

Table legend: (Time is in decaauts)
 A = Elapsed time spent in this place.
 B = Non-inter-level travel time spent in this place.
 C = Inter-level travel time spent in this place.
 D = Time resting spent in this place.
 E = Time spent auto-exploring this place.
 F = Levels seen in this place.
 G = Mean time per level.
                   A        B        C        D        E       F      G
               +--------+--------+--------+--------+--------+-----+--------+
         Total |   3318 |   3216 |    102 |    463 |   2149 |   6 |  553.0 |
       Dungeon |   3318 |   3216 |    102 |    463 |   2149 |   6 |  553.0 |
               +--------+--------+--------+--------+--------+-----+--------+

Top non-repeatable levels by time:
     D:2: 1444 daAuts
     D:1: 1220 daAuts
     D:5: 313 daAuts
     D:3: 224 daAuts
     D:4: 107 daAuts
     D:6: 8 daAuts
